 Dungeon Crawl Stone Soup version 0.15-a0-77-g44c3f01 (webtiles) character file.

249 Heini the Covered (level 5, -2/46 HPs)
             Began as a Minotaur Fighter on Apr 7, 2014.
             Killed by nerve-wracking pain
             ... invoked by Grinder
              (6 damage)
             ... on Level 3 of the Dungeon.
             The game lasted 00:08:17 (2128 turns).

Heini the Covered (Minotaur Fighter)                Turns: 2128, Time: 00:08:17

HP  -2/46        AC 10     Str 22      XL: 5   Next: 11%
MP   2/2         EV  5     Int  5      God:
Gold 97          SH 19     Dex  9      Spells:  0 memorised,  4 levels left

rFire  . . .     SeeInvis .     a - +0 flail
rCold  . . .     Clarity  .     q - +0 chain mail
rNeg   . . .     Conserve .     c - +0 shield
rPois  .         rCorr    .     (helmet restricted)
rElec  .         rRot     .     m - +0 cloak
SustAb . .       Spirit   .     (no gloves)
rMut   .         Warding  .     (no boots)
Saprov . . .     Stasis   .     (no amulet)
MR     .....                    (no ring)
                                (no ring)

@: not resistant to hostile enchantments, extremely unstealthy
A: retaliatory headbutt, horns 2
a: no special abilities


You were on level 3 of the Dungeon.
You were hungry.

You visited 1 branch of the dungeon, and saw 3 of its levels.

You collected 97 gold pieces.

Inventory:

Hand weapons
 a - a +0,+0 flail (weapon)
Missiles
 z - 19 stones (quivered)
Armour
 b - a +0 scale mail
 c - a +0 shield (worn)
 m - a +0 cloak (worn)
 q - a +0 chain mail (worn)
Comestibles
 d - 2 bread rations
 g - a royal jelly
 i - a pear
 j - 3 rotting chunks of orc flesh
Scrolls
 f - 3 scrolls of remove curse {unknown}
 l - a scroll of amnesia {unknown}
 n - 2 scrolls of noise {unknown}
 p - a scroll of fear {unknown}
 s - a scroll of teleportation {unknown}
 t - 2 scrolls of identify {unknown}
 y - a scroll of blinking {unknown}
Jewellery
 k - an uncursed amulet of conservation {unknown}
 v - an uncursed ring of protection from fire {unknown}
Potions
 h - a potion of heal wounds {unknown}
 o - 3 potions of curing {unknown}
 r - a potion of agility {unknown}
 x - a potion of invisibility {unknown}


   Skills:
 + Level 4.2 Fighting
 + Level 3.7 Maces & Flails
 + Level 4.6 Armour
 + Level 1.9 Dodging
 + Level 4.6 Shields


You had 4 spell levels left.
You didn't know any spells.

Dungeon Overview and Level Annotations

Branches:
Dungeon (3/15)

Altars:

Annotations:
D:3 Grinder


Innate Abilities, Weirdness & Mutations

You reflexively headbutt those who attack you in melee.
You have a pair of horns on your head.


Message History

Grinder hits you.
You writhe in agony.
You closely miss Grinder. You headbutt Grinder, but do no damage.
Grinder is moderately wounded.
Grinder hits you.
You writhe in agony.
Grinder hits you.
You writhe in agony.
You closely miss Grinder. Your headbutt misses Grinder.
Grinder is moderately wounded.
Grinder hits you but does no damage.
Your chain mail prevents you from hitting Grinder.
Grinder is moderately wounded.
Grinder hits you.
You writhe in agony.
* * * LOW HITPOINT WARNING * * *
Grinder hits you.
* * * LOW HITPOINT WARNING * * *
You writhe in agony.
* * * LOW HITPOINT WARNING * * *
Your shield and chain mail prevent you from hitting Grinder.
Grinder is moderately wounded.
Grinder gestures at you. Pain shoots through your body!
You die...

########### ...........
............ ###.####### #.#
###.####################...
...............[@5.........
###...############..#######
#...# #..# #...# #..#
###...############..#
....................#########
...............).............
.............5###############
############..#


You could see Grinder.

Vanquished Creatures
  An orc priest (D:3)
  2 orc wizards (D:3)
  An adder (D:2)
  A worm (D:2)
  2 oozes (D:1)
  4 orcs (D:3)
  6 bats
  3 giant cockroaches
  A hobgoblin (D:1)
  6 jackals
  10 kobolds
  A ball python (D:3)
  4 giant newts
  3 goblins
  6 rats
51 creatures vanquished.

Notes
Turn   | Place    | Note
--------------------------------------------------------------
     0 | D:1      | Heini, the Minotaur Fighter, began the quest for the Orb.
     0 | D:1      | Reached XP level 1. HP: 19/19 MP: 1/1
    91 | D:1      | Reached XP level 2. HP: 24/27 MP: 1/1
   395 | D:1      | Reached skill level 4 in Armour
   745 | D:2      | Reached XP level 3. HP: 30/33 MP: 2/2
  1218 | D:2      | Reached skill level 1 in Dodging
  1382 | D:3      | Reached XP level 4. HP: 16/40 MP: 2/2
  1736 | D:3      | Reached XP level 5. HP: 8/46 MP: 2/2
  1751 | D:3      | HP: 2/46 [poisoned by an orc wizard]
  1972 | D:3      | Noticed Grinder
  1989 | D:3      | Paralysed by Grinder for 4 turns
  2011 | D:3      | Paralysed by Grinder for 4 turns
  2115 | D:3      | Paralysed by Grinder for 4 turns
  2128 | D:3      | Killed from afar by Grinder

Action                   |  1- 3 |  4- 6 || total
-------------------------+-------+-------++-------
Melee: Flail             |   121 |    29 ||   150
  Use: Potion            |       |     1 ||     1
